Map: Acid Plant LE

Players

Demented - Winner!

  • Race: Zerg Zerg
  • League: Platinum
  • Spawn Location: 11:00

allay

  • Race: Zerg Zerg
  • League: Platinum
  • Spawn Location: 5:00

VOD

Have the link to the VOD?

Description

Time

  • Played on: Nov. 3, 2018, 9:08 a.m.
  • Length: 6:04
Show
View Real Time Build Order
Export as new Build Order

Demented Zerg - Winner!

Build Orders: Hatch First 

Get SALT Encoding   

  12  0:01  Drone  
  13  0:15  Overlord  
  13  0:20  Drone  
  14  0:34  Drone x2  
  16  0:37  Drone  
  17  0:57  Hatchery  
  17  1:01  Drone  
  17  1:04  Drone  
  18  1:10  Drone  
  18  1:18  Extractor  
  17  1:27  Spawning Pool, Drone  
  17  1:31  Drone  
  18  1:42  Drone  
  19  1:55  Drone  
  20  2:04  Overlord  
  20  2:09  Drone  
  20  2:14  Queen x2  
  25  2:16  Drone  
  25  2:20  Zergling x2  
  27  2:25  Zergling x2  
  28  2:30  Zergling x2  
  28  2:34  Metabolic Boost  
  28  2:36  Overlord  
  29  2:43  Zergling x2  
  30  2:50  Zergling x2  
  31  2:55  Baneling Nest, Zergling x2  
  31  2:57  Zergling x2  
  32  3:03  Zergling x2  
  33  3:07  Zergling x2  
  34  3:13  Zergling x2  
  34  3:18  Zergling x2  
  36  3:24  Zergling x2  
  36  3:27  Roach Warren  
  36  3:29  Zergling x2  
  37  3:37  Drone  
  38  3:43  Baneling x2  
  38  3:44  Baneling x3  
  38  3:46  Hatchery  
  37  4:02  Zergling x10  
  42  4:03  Zergling x2  
  41  4:11  Zergling x4  
  43  4:21  Zergling x2  
  43  4:22  Baneling  
  44  4:30  Zergling x2  
  43  4:50  Overlord x3  
  42  5:01  Roach x3  
  42  5:04  Overlord  
  48  5:07  Queen  
  48  5:13  Drone x2  
  51  5:14  Zergling x2  
  51  5:17  Zergling x2  
  53  5:31  Zergling x4  
  53  5:33  Zergling x4  
  53  5:34  Zergling x2  
  53  5:35  Zergling x2  
  57  5:38  Baneling  
  57  5:40  Zergling x2  
  58  5:46  Zergling x4  
Show
View Real Time Build Order
Export as new Build Order

allay Zerg 

Build Orders:  

Get SALT Encoding   

  12  1:20  Hatchery  
  12  1:22  Hatchery  
  10  1:41  Hatchery  
  9  2:13  Hatchery  
  8  2:54  Hatchery  
  8  3:00  Hatchery  
  7  3:51  Hatchery  
Tags
 
Matchup
ZvZ
Race
Zerg
Spawn Locations
Cross Positions
Add a new tag
Caveats
  • Supply blocks, unpowered buildings, or Contaminate may cause inaccurate times.
  • Supply counts are checked every 10 seconds.